 Dungeon Crawl Stone Soup version 0.28.0-43-g3370ac3207 (webtiles) character file.

Game seed: 12730322812616176570

42 cmymind4 the Firebug (level 3, 0/33 HPs)
             Began as an Ogre Fire Elementalist on Mar 22, 2022.
             Succumbed to an adder's poison
             ... on level 3 of the Dungeon.
             The game lasted 00:19:03 (1946 turns).

cmymind4 the Firebug (Ogre Fire Elementalist)       Turns: 1946, Time: 00:19:04

Health: 0/33       AC:  3    Str: 12    XL:     3   Next: 54%
Magic:  7/7        EV: 10    Int: 16    God:
Gold:   69         SH:  0    Dex: 11    Spells: 6/7 levels left

rFire   . . .      SeeInvis .   b - +0 hand axe
rCold   . . .      Faith    .   (no shield)
rNeg    . . .      Spirit   .   a - +0 robe
rPois   .          Reflect  .   (helmet restricted)
rElec   .          Harm     .   (no cloak)
rCorr   .          Rampage  .   (gloves unavailable)
Will    .....                   (boots unavailable)
Stlth   ++........              (no amulet)
HPRegen 0.11/turn               (no ring)
MPRegen 0.10/turn               (no ring)

@: lethally poisoned (0 -> -19), about to teleport
A: large, unfitting armour, tough skin 1
a: no special abilities


You were on level 3 of the Dungeon.
You visited 1 branch of the dungeon, and saw 3 of its levels.

You collected 69 gold pieces.

Inventory:

Hand Weapons
 b - a +0 hand axe (weapon)
 e - a +0 short sword
Missiles
 f - 15 stones
 j - 2 poisoned darts
Armour
 a - a +0 robe (worn)
Scrolls
 c - a scroll of fog {unknown}
 k - a scroll of identify {unknown}
 m - a scroll of summoning {unknown}
Potions
 d - 2 potions of degeneration {unknown}
 h - a potion of berserk rage {unknown}
 i - a potion of brilliance {unknown}
 l - a potion of cancellation {unknown}


   Skills:
 + Level 1.0 Fighting
 + Level 2.2 Dodging
 + Level 1.4 Stealth
 + Level 2.8 Spellcasting
 + Level 1.0 Conjurations
 + Level 3.3 Fire Magic


You had 6 spell levels left.
You knew the following spells:

 Your Spells              Type           Power      Damage    Failure   Level
a - Foxfire               Conj/Fire      36%        2x1d5     8%          1

Your spell library contained the following spells:

 Spells                   Type           Power      Damage    Failure   Level
 Scorch                   Fire           24%        2d6       8%          2
 Conjure Flame            Conj/Fire      9%         6-21      24%         3
 Inner Flame              Hex/Fire       7%         N/A       28%         3
 Flame Wave               Conj/Fire      9%         2d5       61%         4


Dungeon Overview and Level Annotations

Branches:
Dungeon (3/15)

Altars:

Shops:
D:2 ?


Innate Abilities, Weirdness & Mutations

You are too large for most types of armour.
You have tough skin. (AC +1)


Message History

There is a stone staircase leading up here.
Found a scroll labelled CAJU LOKAA.
There is a stone staircase leading up here.
m - a scroll labelled CAJU LOKAA
Found 15 gold pieces.
You now have 69 gold pieces (gained 15).
Found a stone staircase leading down.
An adder comes into view.
Found a scroll of teleportation.
The adder bites you but does no damage. The adder bites you.
The adder bites you.
You are poisoned.
The adder poisons you!
You miss the adder.
You feel sick. The adder bites you.
You are more poisoned.
The adder poisons you! The adder bites you.
You are more poisoned.
The adder poisons you!
You hit the adder.
The adder is heavily wounded.
You feel very sick. The adder bites you but does no damage.
You barely miss the adder.
The adder is heavily wounded.
You feel very sick. The adder bites you.
You are lethally poisoned!
The adder poisons you! The adder bites you but does no damage.
You hit the adder.
The adder is almost dead.
You feel very sick. The adder bites you.
* * * LOW HITPOINT WARNING * * *
The adder bites you.
* * * LOW HITPOINT WARNING * * *
You are more poisoned.
The adder poisons you!
As you read the scroll of teleportation, it crumbles to dust.
You feel strangely unstable.
You die...

#.# #.# .# #.# ##.####
#.# ....... #.#
##...?.## #.#
####.......# #####.#
#...........
......#######.##S......#
####..#.........@.....#
........#####.####...##
##..#.........# ###
#.#.########## #.## #.


You could see an adder.

Vanquished Creatures
  2 dart slugs (D:1)
  7 ball pythons
  3 bats
  2 endoplasms
  2 giant cockroaches
  3 hobgoblins (D:2)
  4 quokkas
  2 frilled lizards
  3 goblins
  2 kobolds (D:1)
  4 rats
34 creatures vanquished.

Vanquished Creatures (others)
  49 foxfires
49 creatures vanquished.

Grand Total: 83 creatures vanquished

Notes
Turn   | Place    | Note
-------+----------+-------------------------------------------
     0 | D:1      | cmymind4 the Ogre Fire Elementalist began the quest for the
                  | Orb.
     0 | D:1      | Reached XP level 1. HP: 16/16 MP: 3/3
   323 | D:1      | Reached XP level 2. HP: 21/26 MP: 3/5
   325 | D:1      | Reached skill level 3 in Fire Magic
   798 | D:1      | Found a faded altar of an unknown god.
   835 | D:1      | Reached XP level 3. HP: 17/32 MP: 1/7
  1240 | D:2      | Found Oweezich's Magic Scroll Emporium.
  1505 | D:2      | Reached skill level 1 in Fighting
  1580 | D:2      | Reached skill level 1 in Conjurations
  1946 | D:3      | Succumbed to an adder's poison

Illustrated notes

Levels and vault maps discovered:
D:1:      wander_arrival_lonely_grave, layout_basic,
          hellmonk_ecumenical_altar_heavens_door, minmay_small_reverse_x
D:2:      layout_basic, serial_shops, nicolae_shop_advertising_works
          [nicolae_subvault_shop_adworks], minmay_split_cup_large
D:3:      layout_loops_ring, kennysheep_generic_room_2

Skill      XL: |  1  2  3 |
---------------+----------+-----
Fire Magic     | 3 |  3.3
Dodging        | 2 |  2.2
Fighting       | 1 |  1.0
Conjurations   | 1 |  1.0
Stealth        | |  1.4
Spellcasting   | |  2.8

Action                   || total
-------------------------++-------
Melee: Hand axe          ||    59
       Unarmed           ||     5
       Punch             ||     1
 Cast: Foxfire           ||    27
  Use: Scroll            ||     3
 Stab: Sleeping          ||     1
Armor: Robe              ||    44
Dodge: Dodged            ||    54
